AoeStats
← [CL]Sendoh

African Clearing

510620793Analyzed
2v2 RM · 1d ago on Oct 1, 2026· 47m 36s· 4 players
Game mode
Random Map
Map size
Medium (4 player)
Population
200
Speed
Normal
Resources
Standard
Victory
Conquest
Starting age
Dark Age
Ending age
Imperial Age
RankedLock teamsTeams togetherTeam positionsShared explorationLock speedFull tech treeHidden civsTurbo modeCheats
Victory
Defeat
🇦🇷 Vietnamese · Argentina
1557
+9
🇦🇷 Armenians · Argentina
1554
+10
🇨🇱 Hindustanis · Chile
1422
-10
🇨🇱 Mongols · Chile
1390
-9
Monkey_D_Luffy
9:37 Loom
11:58 Feudal Age
16:28 Castle Age
14:35 Double-Bit Axe
17:46 Bow Saw
18:11 Fletching
20:34 Bodkin Arrow
21:43 Horse Collar
25:16 Wheelbarrow
26:23 Hand Cart
28:47 Padded Archer Armor
34:52 Imperial Age
33:54 Leather Archer Armor
35:38 Bracer
35:06 Elite Rattan Archer
37:57 Ballistics
38:38 Chemistry
41:52 Coinage
42:03 Ring Archer Armor
46:23 Banking
46:53 Siege Engineers
TyRanT
14:06 Loom
16:33 Feudal Age
16:48 Man-at-Arms
17:08 Pikeman
22:57 Long Swordsman
24:13 Scale Mail Armor
29:02 Castle Age
28:21 Fletching
30:18 Squires
30:42 Squires
32:28 Double-Bit Axe
32:24 Horse Collar
33:23 Wheelbarrow
34:09 Bow Saw
34:42 Stone Mining
35:39 Bodkin Arrow
38:20 Heavy Plow
38:49 Gold Mining
41:55 Hand Cart
45:02 Imperial Age
42:44 Gambesons
42:45 Arson
44:11 Gold Shaft Mining
43:34 Two-Handed Swordsman
43:35 Halberdier
44:40 Chain Mail Armor
44:35 Forging
44:52 Ballistics
44:28 Murder Holes
44:31 Champion
46:44 Plate Mail Armor
46:49 Iron Casting
46:23 Fereters
46:38 Conscription
46:44 Town Watch
47:41 Bracer
48:09 Town Patrol
[CL]Sendoh
3:30 Loom
12:57 Feudal Age
13:49 Double-Bit Axe
20:19 Fletching
25:30 Castle Age
23:52 Gold Mining
25:52 Padded Archer Armor
25:36 Crossbowman
26:22 Thumb Ring
36:28 Bodkin Arrow
38:25 Wheelbarrow
41:58 Imperial Age
40:21 Scale Mail Armor
40:31 Forging
41:10 Squires
41:58 Chain Mail Armor
42:45 Masonry
44:22 Bow Saw
43:39 Onager
43:59 Elite Skirmisher
46:32 Leather Archer Armor
46:17 Bracer
47:20 Bracer
[CL]Jigsaw
4:35 Loom
11:45 Feudal Age
14:00 Forging
14:58 Scale Barding Armor
23:39 Castle Age
22:22 Double-Bit Axe
22:52 Horse Collar
23:10 Fletching
24:07 Padded Archer Armor
25:17 Elite Skirmisher
29:49 Ballistics
30:21 Bodkin Arrow
31:17 Town Watch
39:29 Imperial Age
39:26 Chain Barding Armor
39:29 Thumb Ring
41:38 Leather Archer Armor
42:32 Bracer
46:46 Bow Saw
46:39 Heavy Plow
Connection lost

Rejoining the realm…

Still unreachable

The connection could not be restored.

Session expired

The server has moved on; the page needs a fresh start.